[Event "*** Titled Tuesday Blitz"]
[Site "Chess.com"]
[Date "2020.05.26"]
[Round "5"]
[White "semchik73"]
[Black "Susal_De_Silva"]
[Result "0-1"]
[WhiteElo "2191"]
[BlackElo "2376"]
[TimeControl "180+1"]
[EndTime "10:55:52 PDT"]
[Termination "Susal_De_Silva won by resignation"]

1. Nf3 Nf6 2. c4 b6 3. Nc3 Bb7 4. d4 g6 5. g3 Bg7 6. Bg2 e6 7. O-O Ne4 8. Qc2 Nxc3 9. Qxc3 O-O 10. Ne1 Bxg2 11. Nxg2 c5 12. e3 Nc6 13. Rd1 Rc8 14. b3 cxd4 15. exd4 e5 16. Bb2 Nxd4 17. Qd3 e4 18. Qxe4 Re8 19. Qb1 Ne2+ 20. Kh1 Nc3 21. Qc2 Nxd1 22. Bxg7 Nxf2+ 23. Qxf2 Kxg7 24. Nf4 Qe7 25. Rf1 Qe4+ 26. Kg1 Rc6 27. Nd5 f5 28. Qb2+ Qe5 29.
Qd2 Rce6 30. Kh1 Qe2 31. Qd4+ Re5 32. Rf2 Qe4+ 33. Qxe4 Rxe4 34. Kg2 Re1 35. Kf3 R8e4 36. Rd2 g5 37. Nc3 Re7 38. Nd5 R7e5 39. Nc3 R1e3+ 40. Kf2 Rxc3 41. Rxd7+ Kf6 42. Rxa7 Rc2+ 43. Kf3 g4+ 0-1

[Event "*** Titled Tuesday Blitz"]
[Site "Chess.com"]
[Date "2020.05.26"]
[Round "5"]
[White "andy_rekt"]
[Black "Blitzking642"]
[Result "1-0"]
[WhiteElo "2167"]
[BlackElo "2307"]
[TimeControl "180+1"]
[EndTime "10:55:52 PDT"]
[Termination "andy_rekt won by resignation"]

1. d4 Nf6 2. c4 e6 3. Nc3 Bb4 4.
e3 b6 5. Ne2 Ba6 6. a3 Be7 7.
Ng3 d5 8. cxd5 Bxf1 9. Nxf1 Nxd5 10. e4 Nxc3 11. bxc3 O-O 12. Ng3 c5 13. O-O Nd7 14.
Be3 Qc7 15. d5 exd5 16. exd5 Rad8 17. c4 Ne5 18. Qc2 g6 19. Ne4 Ng4 20. g3 Nxe3 21. fxe3 f5 22. Nc3 Qe5 23. Rae1 Bf6 24. Nd1 Rfe8 25.
Nf2 Bg5 26. e4 f4 27. gxf4 Bxf4 28. Ng4 Qg5 29. Qg2 h5 30. Nf2 Qh6 31. Nh3 Be5 32.
Ng5 Bc3 33. Re2 Re5 34. Ne6 Re8 35. Kh1 R8xe6 36. dxe6 Rxe6 37. Qf3 Qg7 38. e5 Rxe5 39.
Rxe5 Bxe5 40. Qd5+ Kh7 41. Rf7 1-0

[Event "*** Titled Tuesday Blitz"]
[Site "Chess.com"]
[Date "2020.05.26"]
[Round "5"]
[White "Vitor-Moraes"]
[Black "Srisshhhtea"]
[Result "0-1"]
[WhiteElo "1980"]
[BlackElo "2177"]
[TimeControl "180+1"]
[EndTime "10:55:52 PDT"]
[Termination "Srisshhhtea won by resignation"]

1. e4 e6 2. d4 d5 3. Nd2 Be7 4. e5 c5 5. c3 Qb6 6. Ne2 Bd7 7. Nf3 Nh6 8. Ng3 Bb5 9. Bxb5+ Qxb5 10. Qe2 Qxe2+ 11.
Nxe2 Nf5 12. g4 Nh4 13. Nxh4 Bxh4 14. dxc5 Nd7 15. Bf4 Nxc5 16. O-O Nd3 17. Rab1 O-O 18. f3 g5 19. Be3 Nxe5 20. Bd4 Nc6 21. Bc5 Rfe8 22. b3 f5 23. h3 Rad8 24. Kg2 Ne5 25.
Rbd1 Rd7 26. Nd4 fxg4 27. fxg4 Ng6 28. Rf6 Nf4+ 29. Kh2 Kg7 30. Rxf4 gxf4 31. Nf3 Bg3+ 32. Kg2 e5 33. Nxe5 Rxe5 34. Bd4 Kf6 35. g5+ Kf5 36. Bxe5 Kxe5 37. c4 d4 0-1

[Event "*** Titled Tuesday Blitz"]
[Site "Chess.com"]
[Date "2020.05.26"]
[Round "5"]
[White "emiliocordova"]
[Black "ehrenfeld"]
[Result "1-0"]
[WhiteElo "2718"]
[BlackElo "2446"]
[TimeControl "180+1"]
[EndTime "10:55:53 PDT"]
[Termination "emiliocordova won on time"]

1. d4 f5 2. Nf3 Nf6 3. g3 g6 4.
Bg2 Bg7 5. O-O O-O 6. c4 d6 7. Nc3 c6 8. d5 e5 9. dxe6 Bxe6 10. b3 Na6 11. Bb2 Qe7 12. Nd4 Bf7 13. e3 Nc5 14. Qc2 a5 15. Rad1 Rfe8 16. h3 Qc7 17.
Rb1 Qe7 18. Rfd1 Nfe4 19. Nxe4 fxe4 20. Ne2 Be5 21. Bxe5 Qxe5 22. Rd4 g5 23. Rbd1 Rad8 24. Nc3 Bg6 25. a3 h5 26. b4 axb4 27. axb4 Nd3 28. Bxe4 Nxb4 29. Qb1 Bf7 30. Bg6 Rd7 31. Bxf7+ Rxf7 32. Re4 Qxc3 33. Rxe8+ Kg7 34. Rxd6 Nc2 35. Rdd8 Qxc4 36. Qb2+ Kg6 37. Rg8+ Kf5 38. Rdf8 1-0

[Event "*** Titled Tuesday Blitz"]
[Site "Chess.com"]
[Date "2020.05.26"]
[Round "5"]
[White "12teen"]
[Black "Korchmar_Vasiliy"]
[Result "1-0"]
[WhiteElo "2734"]
[BlackElo "2571"]
[TimeControl "180+1"]
[EndTime "10:55:54 PDT"]
[Termination "12teen won by resignation"]

1. g3 d5 2. Bg2 g6 3. d3 Bg7 4. Nc3 d4 5. Ne4 e5 6. c4 h6 7. b4 Ne7 8. a4 O-O 9. Ba3 f5 10. Nd2 c6 11. h4 Be6 12. b5 Rf7 13. Nb3 Nd7 14. Nf3 Rc8 15. Nfd2 b6 16. Bxe7 Qxe7 17. Bxc6 e4 18. dxe4 f4 19. gxf4 Rxf4 20. Qc2 Ne5 21. Rg1 Nxc6 22. bxc6 Bf7 23. a5 Rxc6 24. axb6 axb6 25.
Ra8+ Kh7 26. h5 Qb4 27. Ra7 Rxc4 28. hxg6+ Bxg6 29. Qxc4 Qf8 30. Qe6 Rf6 31. Qe7 Rxf2 32. Qxg7+ 1-0

[Event "*** Titled Tuesday Blitz"]
[Site "Chess.com"]
[Date "2020.05.26"]
[Round "5"]
[White "djano"]
[Black "Gloomy_Wanderer"]
[Result "0-1"]
[WhiteElo "2447"]
[BlackElo "2746"]
[TimeControl "180+1"]
[EndTime "10:55:54 PDT"]
[Termination "Gloomy_Wanderer won by resignation"]

1. d4 Nf6 2. Nf3 e6 3. g3 b5 4.
Bg2 Bb7 5. O-O c5 6. c3 Be7 7. a4 b4 8. dxc5 Bxc5 9. a5 Na6 10.
c4 O-O 11. Nbd2 d5 12. cxd5 Bxd5 13. Nb3 Be7 14. Bf4 Rc8 15. Nbd2 Nc5 16. Ne5 h6 17.
Ndf3 Nb3 18. Rb1 Nxa5 19. Nd3 Nc6 20. Qa4 Qb6 21. Ra1 a5 22. h3 Rfd8 23. Rfc1 Ne4 24. Be3 Qb7 25. Nf4 Bf6 26. Nxd5 exd5 27. Qb3 Qb5 28.
Qd1 Bxb2 29. Ra2 Nc3 30. Rxc3 Bxc3 31. Nd4 Bxd4 32. Bxd4 b3 33. Rb2 Nxd4 34. Qxd4 a4 35. Kh2 a3 0-1

[Event "*** Titled Tuesday Blitz"]
[Site "Chess.com"]
[Date "2020.05.26"]
[Round "5"]
[White "ama18"]
[Black "Gareth-Bale11"]
[Result "0-1"]
[WhiteElo "2514"]
[BlackElo "2765"]
[TimeControl "180+1"]
[EndTime "10:55:55 PDT"]
[Termination "Gareth-Bale11 won by resignation"]

1. e4 e5 2. Nf3 Nc6 3. Bb5 a6 4. Ba4 Nf6 5. O-O Be7 6. Re1 b5 7. Bb3 d6 8. c3 O-O 9. d4 Bb7 10. a4 h6 11. Na3 exd4 12. cxd4 Na5 13. Bc2 b4 14. Nb1 c5 15. d5 Nd7 16. Nbd2 Bf6 17. Rb1 Re8 18. b3 Rc8 19. Nc4 Nxc4 20. bxc4 a5 21. Bd3 Ba6 22. Bf4 Nb6 23. Qb3 Qd7 24.
e5 dxe5 25. Bxe5 Qxa4 26. Qxa4 Nxa4 27. Bf5 Nc3 28. Bxc8 Rxc8 29. Bxc3 Bxc3 30. Re7 Bxc4 31. d6 Rd8 32. d7 Kh7 33. Rd1 Be6 34. h3 a4 35. Ne1 a3 36. f4 a2 37. g4 a1=Q 38. Rxa1 Bxa1 39. f5 Rxd7 0-1

[Event "*** Titled Tuesday Blitz"]
[Site "Chess.com"]
[Date "2020.05.26"]
[Round "5"]
[White "tylityli"]
[Black "Ariadna_Atreides"]
[Result "1-0"]
[WhiteElo "2303"]
[BlackElo "2072"]
[TimeControl "180+1"]
[EndTime "10:55:56 PDT"]
[Termination "tylityli won on time"]

1. d4 e6 2. c4 Bb4+ 3. Nc3 Nf6 4. e3 O-O 5. Ne2 Re8 6. a3 Bf8 7. d5 e5 8. e4 a5 9. Ng3 b6 10. Be2 Na6 11. Be3 d6 12. b4 axb4 13. axb4 Bd7 14.
Qb3 Nc5 15. Qb2 Rxa1+ 16. Qxa1 Nb3 17. Qb2 Nd4 18. O-O Nxe2+ 19. Qxe2 Ng4 20. Bd2 g6 21. h3 Nf6 22. Ra1 Qb8 23. Be3 Qb7 24. Qa2 Rb8 25. Qa7 Ne8 26. Qxb7 Rxb7 27. Ra8 f5 28. f4 fxe4 29. Ngxe4 exf4 30. Bxf4 Bg7 31. Bg5 Kf8 32.
g4 Bd4+ 33. Kg2 Kf7 34. Kf3 Nf6 35. Nxf6 Bxf6 36. Bxf6 Kxf6 37. Kf4 g5+ 38. Ke4 c6 39. Ke3 b5 40. cxb5 cxb5 41. Ne4+ Ke7 42. Rh8 Be8 43.
Rxh7+ Bf7 44. Rxf7+ Kxf7 45. Nxd6+ 1-0

[Event "*** Titled Tuesday Blitz"]
[Site "Chess.com"]
[Date "2020.05.26"]
[Round "5"]
[White "pastouche06"]
[Black "Fins0905"]
[Result "1-0"]
[WhiteElo "2476"]
[BlackElo "2648"]
[TimeControl "180+1"]
[EndTime "10:55:58 PDT"]
[Termination "pastouche06 won by resignation"]

1. d4 d5 2. c4 c6 3. Nf3 Nf6 4. e3 Bf5 5. Nc3 e6 6. Nh4 Be4 7. f3 Bg6 8. Qb3 Qc7 9. Bd2 Be7 10. cxd5 exd5 11. e4 Nxe4 12. fxe4 Bxh4+ 13. g3 Be7 14. Bf4 Qb6 15. Qxb6 axb6 16. exd5 Na6 17. Bg2 Nb4 18. O-O O-O 19. a3 Nc2 20. Rad1 Rac8 21. dxc6 bxc6 22. d5 cxd5 23. Nxd5 Bc5+ 24. Kh1 Rfe8 25. Rc1 h5 26. Rfd1 Bd4 27. Rxd4 Kh7 28. Rdd1 1-0

[Event "*** Titled Tuesday Blitz"]
[Site "Chess.com"]
[Date "2020.05.26"]
[Round "5"]
[White "tamarozi99"]
[Black "alekschess100"]
[Result "0-1"]
[WhiteElo "1999"]
[BlackElo "2230"]
[TimeControl "180+1"]
[EndTime "10:55:58 PDT"]
[Termination "alekschess100 won by resignation"]

1. e4 c6 2. d4 d5 3. e5 g6 4.
c3 h5 5. h4 Nh6 6. Bd3 Bg7 7.
Qc2 Bf5 8. Bxf5 Nxf5 9. Ne2 c5 10. Bg5 Nc6 11. Qa4 cxd4 12. cxd4 Qb6 13. O-O Nxd4 14. Nxd4 Qxd4 15. Qb5 O-O 16. Qxb7 Nxe5 17. Nc3 e6 18. Rad1 Qb6 19. Qe7 Rfe8 20. Qa3 Nc4 21. Qb3 Nxb2 22. Qxb6 axb6 23. Nb5 Nxd1 24. Nc7 Nc3 25. Nxe8 Rxe8 26.
Rc1 Ra8 27. Bd2 d4 28. Rc2 Rxa2 29. Rxa2 Nxa2 30. Kf1 b5 31. Ke2 b4 32. Kd1 b3 33.
f3 d3 34. Bc1 b2 0-1

[Event "*** Titled Tuesday Blitz"]
[Site "Chess.com"]
[Date "2020.05.26"]
[Round "5"]
[White "vladislavkovalev"]
[Black "ChessQueen"]
[Result "1-0"]
[WhiteElo "2880"]
[BlackElo "2629"]
[TimeControl "180+1"]
[EndTime "10:56:00 PDT"]
[Termination "vladislavkovalev won by resignation"]

1. e4 c6 2. Nf3 d5 3. Nc3 dxe4 4.
Nxe4 Nf6 5. Qe2 Nxe4 6. Qxe4 Nd7 7. Bc4 Nf6 8. Ne5 e6 9. Qe2 b5 10. Bb3 Qc7 11. O-O Bd6 12. d4 O-O 13. c3 c5 14.
Bg5 Nd5 15. Bh4 a5 16. Bg3 Bb7 17. dxc5 Bxe5 18. Bxe5 Qxc5 19. Qg4 g6 20. Rfe1 Qc6 21. f3 f6 22. Bg3 f5 23. Qh4 a4 24. Bxd5 Qxd5 25.
Rad1 Qc5+ 26. Bf2 Qc6 27. a3 Rae8 28. Re5 Rf7 29. Rd8 Rff8 30. Rd2 f4 31. Rc5 Qb6 32. Rd7 h5 33. Rxh5 1-0

[Event "*** Titled Tuesday Blitz"]
[Site "Chess.com"]
[Date "2020.05.26"]
[Round "5"]
[White "Atanejhad"]
[Black "avantage_ru"]
[Result "0-1"]
[WhiteElo "2445"]
[BlackElo "2712"]
[TimeControl "180+1"]
[EndTime "10:56:00 PDT"]
[Termination "avantage_ru won by resignation"]

1. d4 b5 2. Nf3 Bb7 3. Bf4 e6 4. e3 a6 5. Bd3 c5 6. c3 Nf6 7.
O-O d5 8. Nbd2 Nbd7 9. Qe2 Be7 10. e4 cxd4 11. cxd4 dxe4 12. Nxe4 Nxe4 13. Bxe4 Bxe4 14.
Qxe4 O-O 15. Rad1 Nf6 16. Qb7 Nd5 17. Bg3 Qc8 18. Qxc8 Rfxc8 19. Rc1 f6 20. a3 Kf7 21. Rfd1 g5 22. h3 Ke8 23. Nd2 Kd7 24. Ne4 Rxc1 25. Rxc1 f5 26. Nc5+ Bxc5 27. dxc5 f4 28. Bh2 Kc6 29.
Kf1 e5 30. Ke2 e4 31. f3 e3 32. g3 a5 33. h4 h6 34. gxf4 gxf4 35. Rg1 Kxc5 36. Rg6 b4 37. a4 Kd4 38. Rd6 Ke5 39.
Rxh6 Rc8 40. Rh5+ Kd4 41. Rxd5+ Kxd5 42. Bxf4 Rc2+ 43. Kxe3 Rxb2 44. h5 Rb1 45. Bc7 b3 46.
Kd2 Kc4 47. h6 Rh1 48. h7 Rxh7 49. Be5 Kb4 0-1

[Event "*** Titled Tuesday Blitz"]
[Site "Chess.com"]
[Date "2020.05.26"]
[Round "5"]
[White "stolencandy13"]
[Black "atwalcb"]
[Result "1-0"]
[WhiteElo "2566"]
[BlackElo "2399"]
[TimeControl "180+1"]
[EndTime "10:56:01 PDT"]
[Termination "stolencandy13 won on time"]

1. e4 d6 2. d4 Nf6 3. f3 Nbd7 4.
Be3 e5 5. d5 g6 6. Qd2 Bg7 7.
Nc3 O-O 8. O-O-O a6 9. g4 b5 10.
h4 h5 11. Bg5 Qe8 12. Be2 Nc5 13. gxh5 Nxh5 14. Nh3 b4 15. Nb1 Qa4 16. Rdg1 Qxa2 17. Qxb4 Bxh3 18. Rxh3 Rab8 19. Qa3 Qxa3 20. Nxa3 Nf4 21.
Rh2 Rb4 22. h5 f5 23. Bxf4 exf4 24. c3 Rb3 25. Rxg6 Kh7 26. Bc4 Rbb8 27. Rhg2 Be5 28.
exf5 Rxf5 29. b4 Na4 30. Bd3 Rbf8 31. R6g5 Kh6 32. Rxf5 Rxf5 33. Bxf5 Nxc3 34. Nc4 Nxd5 35.
Nxe5 dxe5 36. Be4 Nxb4 37. Rg6+ Kxh5 38. Re6 Kh4 39. Rxe5 Kg3 40. Rc5 1-0

[Event "*** Titled Tuesday Blitz"]
[Site "Chess.com"]
[Date "2020.05.26"]
[Round "5"]
[White "2L8IWUN"]
[Black "ErikRonka"]
[Result "1-0"]
[WhiteElo "2548"]
[BlackElo "2375"]
[TimeControl "180+1"]
[EndTime "10:56:01 PDT"]
[Termination "2L8IWUN won on time"]

1. d4 d5 2. Nf3 Nf6 3. c4 c6 4. Nc3 e6 5. e3 Nbd7 6. Qc2 Bd6 7. b3 O-O 8. Ke2 Qe7 9. Ke1 e5 10. Be2 exd4 11. Nxd4 Ne5 12. h3 Re8 13. Bb2 c5 14. Ndb5 d4 15. Nxd6 Qxd6 16. Rd1 Qe7 17. exd4 cxd4 18.
Rxd4 Nc6 19. Rd2 Nb4 20. Qb1 g6 21. a3 Bf5 22. Qd1 Nc6 23. Kf1 Rad8 24. Nd5 Nxd5 25.
cxd5 Ne5 26. g4 Be4 27. d6 Qh4 28. Rh2 Bc6 29. Bc3 Qg5 30. h4 Qf4 31. Rh3 Rd7 32.
Rd4 Qf6 33. f4 Nxg4 34. Bxg4 Rdd8 35. Kg1 1-0

[Event "*** Titled Tuesday Blitz"]
[Site "Chess.com"]
[Date "2020.05.26"]
[Round "5"]
[White "pooh2012"]
[Black "lelajavakhishvili"]
[Result "0-1"]
[WhiteElo "2450"]
[BlackElo "2505"]
[TimeControl "180+1"]
[EndTime "10:56:02 PDT"]
[Termination "lelajavakhishvili won on time"]

1. Nf3 c5 2. c4 Nc6 3. Nc3 g6 4.
h4 Nf6 5. d3 Bg7 6. Bg5 d6 7. Rb1 h6 8. Bd2 O-O 9. Qc1 h5 10. g3 a6 11. a3 Rb8 12. b4 cxb4 13. axb4 b5 14. cxb5 axb5 15. Bg2 Bd7 16. O-O Ng4 17.
Ne4 Nd4 18. Nxd4 Bxd4 19. Bc3 Rc8 20. Qd2 Qb6 21. e3 Bxc3 22. Nxc3 Bc6 23. Rfc1 Bxg2 24.
Kxg2 Qb7+ 25. e4 e6 26. f3 Ne5 27. Ne2 Qb6 28. d4 Nc4 29. Qh6 e5 30. g4 exd4 31.
gxh5 d5 32. exd5 Ne3+ 33. Kf2 Qf6 34. Qf4 Nf5 35. hxg6 fxg6 0-1

[Event "*** Titled Tuesday Blitz"]
[Site "Chess.com"]
[Date "2020.05.26"]
[Round "5"]
[White "CMS13"]
[Black "Lector118"]
[Result "0-1"]
[WhiteElo "2200"]
[BlackElo "2410"]
[TimeControl "180+1"]
[EndTime "10:56:02 PDT"]
[Termination "Lector118 won by checkmate"]

1. e4 e6 2. d4 d5 3. Nc3 Bb4 4. Ne2 Nc6 5. a3 Ba5 6. b4 Bb6 7. Bb2 Nge7 8. g3 dxe4 9. Nxe4 Nf5 10. Nc5 Qd5 11. Rg1 O-O 12. Bg2 Qd8 13. Qd3 a5 14. b5 Ncxd4 15. Nxd4 Bxc5 16. O-O-O Nxd4 17. Bxd4 Bxd4 18. Qxd4 Qe7 19. Qc3 Rb8 20. Be4 b6 21. g4 Qg5+ 22.
Kb1 Qxb5+ 23. Ka1 Ba6 24. Rg3 Rfd8 25. Bd3 Qg5 26. Qxc7 Rbc8 27. Qxb6 Rb8 28. Qxa6 Qe5+ 29. c3 Qxc3+ 30. Ka2 Qb2# 0-1

[Event "*** Titled Tuesday Blitz"]
[Site "Chess.com"]
[Date "2020.05.26"]
[Round "5"]
[White "quesfr"]
[Black "Luibov_AN"]
[Result "0-1"]
[WhiteElo "2284"]
[BlackElo "2059"]
[TimeControl "180+1"]
[EndTime "10:56:02 PDT"]
[Termination "Luibov_AN won on time"]

1. e4 g6 2. d4 Bg7 3. Nc3 c5 4.
Nf3 Nc6 5. d5 Nd4 6. Nxd4 cxd4 7. Ne2 e5 8. c3 dxc3 9. Nxc3 a6 10. Be3 d6 11. Qd2 h6 12. Be2 b5 13. O-O g5 14. b4 Nf6 15. a4 bxa4 16. Nxa4 Nxe4 17. Qc2 Nf6 18. Qc6+ Bd7 19. Qxd6 Qe7 20. Qxe7+ Kxe7 21. Bc5+ Ke8 22. Nb6 Ra7 23. Nc4 Rc7 24. Nd6+ Kf8 25. Rxa6 Nxd5 26. Ra8+ Ke7 27. Rxh8 Bxh8 28. Re1 Kf6 29.
Ne4+ Kg6 30. Bc4 Nxb4 31. Bxf7+ Kxf7 32. Bxb4 Rc4 33. Nc5 Bc6 34. Rb1 e4 35. Na6 Bd4 36. Be1 Ke6 37. Nb4 Ba8 38. Rd1 e3 39. fxe3 Bxe3+ 40. Kf1 Be4 41. Ke2 Bc5 42. Nd3 Rc2+ 43. Rd2 Rxd2+ 44. Kxd2 Bd6 45. Ke3 Bxg2 0-1

[Event "*** Titled Tuesday Blitz"]
[Site "Chess.com"]
[Date "2020.05.26"]
[Round "5"]
[White "rakshi2005"]
[Black "blitzking1729"]
[Result "0-1"]
[WhiteElo "2320"]
[BlackElo "2509"]
[TimeControl "180+1"]
[EndTime "10:56:03 PDT"]
[Termination "blitzking1729 won by resignation"]

1. e4 d6 2. d4 Nf6 3. Nc3 e5 4. dxe5 dxe5 5. Qxd8+ Kxd8 6. Bc4 Be6 7. Bxe6 fxe6 8.
Nf3 Bd6 9. Be3 Nbd7 10. O-O-O a6 11. Nd2 Ke7 12. a4 Bc5 13. Bxc5+ Nxc5 14. f3 Rhd8 15. b4 Ncd7 16. Nc4 Ne8 17. Kb2 Nd6 18. Ne3 Nb6 19. a5 Nbc4+ 20. Nxc4 Nxc4+ 21. Kb3 Nd2+ 22. Kb2 Rd4 23. Ne2 Rd6 24. Nc3 Rad8 25. Nd5+ exd5 26. Rxd2 dxe4 27. Rxd6 Rxd6 28. fxe4 Rd4 29. Re1 Rxb4+ 30. Kc3 Ra4 31. Rb1 Rxa5 32. Rxb7 Kd6 33. Kd3 Ra3+ 34. c3 Ra2 35. Ra7 Kc6 36. Ra8 h6 37. g4 Kb7 38.
Rg8 g5 39. Re8 Rxh2 40. Rxe5 Rh4 41. Re6 a5 42. Kc4 Rxg4 43. Kd5 h5 44. Rh6 h4 45.
e5 Rg1 46. e6 Re1 47. Rg6 h3 48. Rxg5 h2 49. Rh5 h1=Q+ 50. Rxh1 Rxh1 51. e7 Re1 52. e8=Q Rxe8 0-1

[Event "*** Titled Tuesday Blitz"]
[Site "Chess.com"]
[Date "2020.05.26"]
[Round "5"]
[White "Feegus"]
[Black "ulkaf961"]
[Result "1-0"]
[WhiteElo "2467"]
[BlackElo "2194"]
[TimeControl "180+1"]
[EndTime "10:56:03 PDT"]
[Termination "Feegus won by resignation"]

1. Nf3 Nf6 2. g3 d5 3. Bg2 Bf5 4. O-O h6 5. d3 e6 6. Nbd2 Be7 7. c4 O-O 8. b3 a5 9. a3 Na6 10.
Bb2 Nc5 11. Ra2 Re8 12. Qa1 Ncd7 13. Rc1 c6 14. Ne5 Nxe5 15. Bxe5 Bd6 16. Nf3 Bxe5 17. Nxe5 Nd7 18. Nxd7 Qxd7 19. b4 dxc4 20. Rxc4 e5 21. Qc3 Be6 22. Rb2 Bxc4 23. Qxc4 Qd4 24. Qxd4 exd4 25.
Bf3 Re7 26. b5 c5 27. Bd5 Rd8 28. Be4 Rd6 29. Rc2 Rc7 30. Rc4 g6 31. f4 Kg7 32.
g4 Rb6 33. a4 Rf6 34. f5 h5 35. g5 Rd6 36. f6+ Kf8 37. h4 Re6 38. Kf2 Ke8 39. Kf3 Kd7 40. Bd5 Kd6 41. Bxe6 Kxe6 42. e3 Kd5 43. exd4 b6 44. dxc5 bxc5 45. Re4 1-0

[Event "*** Titled Tuesday Blitz"]
[Site "Chess.com"]
[Date "2020.05.26"]
[Round "5"]
[White "mohamed-damaj"]
[Black "Morshynska"]
[Result "0-1"]
[WhiteElo "2304"]
[BlackElo "2183"]
[TimeControl "180+1"]
[EndTime "10:56:03 PDT"]
[Termination "Morshynska won on time"]

1. e4 Nc6 2. c4 e5 3. Nf3 Bc5 4. Nxe5 Nxe5 5. d4 Bb4+ 6. Bd2 Bxd2+ 7. Nxd2 Ng6 8. Bd3 d6 9. O-O Nf4 10. Bc2 h5 11. Kh1 h4 12. Qf3 Qg5 13. g3 Nh3 14. Qd3 Ne7 15. Nf3 Qh6 16. Nxh4 g5 17. Nf3 Bg4 18. Kg2 O-O-O 19. Rh1 Kb8 20. Nd2 Bd7 21.
f3 f5 22. Rae1 g4 23. fxg4 fxg4 0-1

[Event "*** Titled Tuesday Blitz"]
[Site "Chess.com"]
[Date "2020.05.26"]
[Round "5"]
[White "Mikhail_Biryukov"]
[Black "amintabatabaei"]
[Result "0-1"]
[WhiteElo "2641"]
[BlackElo "2914"]
[TimeControl "180+1"]
[EndTime "10:56:04 PDT"]
[Termination "amintabatabaei won by resignation"]

1. e4 e5 2. Nf3 Nc6 3. d4 exd4 4.
Nxd4 Nf6 5. Nc3 Bc5 6. Nb3 Bb6 7.
Bg5 h6 8. Bh4 O-O 9. Bd3 Re8 10.
O-O d6 11. Kh1 Ne5 12. f4 Ng6 13. Bg3 c6 14. Qd2 Nh5 15. Bf2 Bxf2 16. Rxf2 Qh4 17. f5 Ne5 18. Kg1 Ng4 19. g3 Qg5 20.
Qxg5 hxg5 21. Rd2 Nhf6 22. Be2 d5 23. Bxg4 Nxg4 24. exd5 Bxf5 25. Nd4 Bd7 26. dxc6 Bxc6 27. Nxc6 bxc6 28. h3 Ne5 29. Re2 Rad8 30. Kf2 f6 31. Rd1 Rxd1 32. Nxd1 Rd8 33. Nc3 Kf7 34. Ne4 Kg6 35. Rd2 Rh8 36. Kg2 Nc4 37. Rd7 Re8 38. Kf3 Ne5+ 0-1

[Event "*** Titled Tuesday Blitz"]
[Site "Chess.com"]
[Date "2020.05.26"]
[Round "5"]
[White "ClassyEl"]
[Black "KNVB"]
[Result "1-0"]
[WhiteElo "2621"]
[BlackElo "2768"]
[TimeControl "180+1"]
[EndTime "10:56:05 PDT"]
[Termination "ClassyEl won on time"]

1. d4 b6 2. e4 Bb7 3. Bd3 e6 4. Nf3 d5 5. Nbd2 Nf6 6. e5 Ne4 7. Qe2 Nxd2 8. Bxd2 c5 9. c3 Qc8 10. a4 Ba6 11. Bb5+ Bxb5 12. axb5 a5 13. bxa6 Rxa6 14.
O-O Be7 15. dxc5 Rxa1 16. Rxa1 Qxc5 17. Be3 Qc6 18. Ra7 Bc5 19. Ng5 Nd7 20. Bxc5 bxc5 21.
Qh5 g6 22. Qf3 O-O 23. Qh3 h5 24. g4 Nxe5 25. gxh5 Qb6 26. hxg6 Kg7 27. Qh7+ Kf6 28. g7 Rb8 29. Ra1 1-0

[Event "*** Titled Tuesday Blitz"]
[Site "Chess.com"]
[Date "2020.05.26"]
[Round "5"]
[White "LiamVrolijk"]
[Black "Abund"]
[Result "1-0"]
[WhiteElo "2783"]
[BlackElo "2603"]
[TimeControl "180+1"]
[EndTime "10:56:06 PDT"]
[Termination "LiamVrolijk won on time"]

1. c4 e5 2. g3 Nf6 3. Bg2 c6 4. d4 exd4 5. Qxd4 d5 6. Nf3 c5 7. Qd1 Be7 8. O-O d4 9. e3 Nc6 10. exd4 cxd4 11. b4 Nxb4 12. Nxd4 O-O 13. Be3 Ng4 14. Nc3 Nxe3 15. fxe3 Bc5 16. Qd2 Nc6 17. Nd5 Be6 18. Rad1 Rc8 19. Kh1 Bxd5 20. Bxd5 Rc7 21. Nxc6 bxc6 22. Bxf7+ Rcxf7 23. Rxf7 Qe8 24. Rxf8+ Kxf8 25. Qd3 Bb6 26. Qxh7 Qxe3 27. Qf5+ Kg8 28. Rf1 1-0

[Event "*** Titled Tuesday Blitz"]
[Site "Chess.com"]
[Date "2020.05.26"]
[Round "5"]
[White "Norival"]
[Black "mishanick"]
[Result "0-1"]
[WhiteElo "2647"]
[BlackElo "2957"]
[TimeControl "180+1"]
[EndTime "10:56:07 PDT"]
[Termination "mishanick won by resignation"]

1. d4 Nf6 2. Nf3 d5 3. Bf4 c5 4. e3 Nc6 5. c3 Qb6 6. Qc1 Bf5 7.
Be2 h6 8. O-O e6 9. h3 Rc8 10.
a4 Be7 11. a5 Nxa5 12. dxc5 Bxc5 13. Nbd2 O-O 14. Rxa5 Qxa5 15. b4 Bxb4 16. cxb4 Rxc1 17. bxa5 Rxf1+ 18. Bxf1 Rc8 19. Nd4 Bg6 20. Nb5 Rc1 21.
f3 Bd3 22. Nxa7 Rd1 23. e4 dxe4 24. Kf2 Nd5 25. Be2 Ra1 26. Bxd3 exd3 27. Bd6 Rxa5 28. Nc8 Ra2 29. Ke1 Ra1+ 30. Kf2 Rd1 31. Ne4 d2 0-1

[Event "*** Titled Tuesday Blitz"]
[Site "Chess.com"]
[Date "2020.05.26"]
[Round "5"]
[White "LedakovAlexandr"]
[Black "Justinz"]
[Result "0-1"]
[WhiteElo "2504"]
[BlackElo "2360"]
[TimeControl "180+1"]
[EndTime "10:56:08 PDT"]
[Termination "Justinz won on time"]

1. Nf3 Nf6 2. d4 e6 3. Bg5 c5 4. e3 d5 5. Nbd2 Be7 6. c3 Nbd7 7.
Bd3 b6 8. Ne5 Nxe5 9. dxe5 Nd7 10. Bxe7 Qxe7 11. f4 Bb7 12. O-O O-O-O 13. Qe2 f6 14. exf6 Nxf6 15. e4 d4 16. e5 Nd5 17.
cxd4 Nb4 18. Nf3 Kb8 19. Be4 Ba6 20. Qd2 Bxf1 21. Rxf1 Nd5 22. a3 Rd7 23. f5 exf5 24. Bxf5 Rdd8 25. Be4 Rhe8 26. Kh1 h6 27. dxc5 Qxc5 28. Rc1 Qe3 29. Qxe3 Nxe3 30. Re1 Ng4 31. Bg6 Re7 32. Kg1 Rd5 33. Be4 Nxe5 0-1

[Event "*** Titled Tuesday Blitz"]
[Site "Chess.com"]
[Date "2020.05.26"]
[Round "5"]
[White "cioxminator"]
[Black "DucksParadise"]
[Result "0-1"]
[WhiteElo "2408"]
[BlackElo "2056"]
[TimeControl "180+1"]
[EndTime "10:56:08 PDT"]
[Termination "DucksParadise won on time"]

1. e4 e6 2. d4 d5 3. Nd2 Nf6 4. e5 Nfd7 5. Bd3 c5 6. c3 Nc6 7. Ne2 cxd4 8. cxd4 f6 9. exf6 Nxf6 10. Nf3 Bd6 11.
O-O Qc7 12. g3 O-O 13. Bf4 Ne4 14. Bxd6 Qxd6 15. Bxe4 dxe4 16. Ng5 Qd5 17. h4 Rd8 18. Nc3 Qf5 19. Ngxe4 Nxd4 20. Kg2 e5 21. Rh1 Be6 22. h5 Nb3 23. axb3 Rxd1 24. Raxd1 Bxb3 25. Rd2 Be6 26. h6 gxh6 27. Rxh6 Kg7 28. Rh4 h5 29. Rd6 Rf8 0-1

[Event "*** Titled Tuesday Blitz"]
[Site "Chess.com"]
[Date "2020.05.26"]
[Round "5"]
[White "ArnieChipmunk"]
[Black "Charlottemillard17"]
[Result "1-0"]
[WhiteElo "2278"]
[BlackElo "1451"]
[TimeControl "180+1"]
[EndTime "10:56:09 PDT"]
[Termination "ArnieChipmunk won by checkmate"]

1. e4 e5 2. d4 exd4 3. Qxd4 Nc6 4.
Qe3 b6 5. Nc3 Bc5 6. Qg3 Qf6 7.
Nd5 Qd4 8. Nxc7+ Kd8 9. Nxa8 Qxe4+ 10. Be2 Nd4 11. Qc7+ Ke7 12. Qxc8 Nxc2+ 13. Kf1 Nxa1 14. Nf3 Qc2 15. Bg5+ f6 16. Nc7 fxg5 17. Qe8+ Kd6 18. Nb5+ Kc6 19. Nbd4+ Bxd4 20. Nxd4+ Kd5 21. Nxc2 Nxc2 22.
Qf7+ Kd6 23. Qxg7 Nf6 24. Qxh8 Ne4 25. Qf8+ Kc7 26. Bd3 Nd2+ 27. Ke2 Nb1 28. Bxc2 Na3 29. bxa3 h5 30. Rc1 h4 31. Bf5+ Kb7 32. Qc8# 1-0

[Event "*** Titled Tuesday Blitz"]
[Site "Chess.com"]
[Date "2020.05.26"]
[Round "5"]
[White "Franciscoconstantino"]
[Black "Cambek64"]
[Result "0-1"]
[WhiteElo "1607"]
[BlackElo "2279"]
[TimeControl "180+1"]
[EndTime "10:56:11 PDT"]
[Termination "Cambek64 won on time"]

1. d4 Nf6 2. c4 d6 3. Nc3 e5 4.
dxe5 dxe5 5. Qxd8+ Kxd8 6. e3 Be6 7. Nf3 Bd6 8. b3 Ke7 9. Bb2 c6 10. Be2 Nbd7 11. O-O-O h6 12. Rd2 Bb4 13. Rhd1 Bxc3 14. Bxc3 Ne4 15. Rd3 Nxf2 16. Nxe5 Nxe5 17. Bxe5 Nxd3+ 18. Rxd3 f6 19. Bd6+ Kf7 20. e4 Rad8 21. e5 fxe5 22.
Rf3+ Kg8 23. Bxe5 Bg4 24. Rg3 Bxe2 25. Bxg7 Kh7 26. Bxh8 Kxh8 27. Kc2 Rd7 28. Rh3 Kh7 29. Re3 Bh5 30. Kc3 Bg6 31. h3 h5 32. g4 hxg4 33.
hxg4 Kg7 34. Re5 Kf6 35. Ra5 b6 0-1